 Dungeon Crawl Stone Soup version 0.21.1-1-g345015f (webtiles) character file.

3380 Lilu the Thaumaturge (level 9, -4/59 HPs)
             Began as a Deep Elf Conjurer on July 29, 2018.
             Slain by a killer bee (5 damage)
             ... on level 7 of the Dungeon.
             The game lasted 00:40:09 (10835 turns).

Lilu the Thaumaturge (Deep Elf Conjurer)           Turns: 10835, Time: 00:40:10

Health: -4/59      AC:  3    Str:  8    XL:     9   Next: 74%
Magic:  0/24       EV: 13    Int: 25    God:
Gold:   598        SH:  0    Dex: 15    Spells: 17/27 levels left

rFire    . . .     SeeInvis .   K - +0 shortbow
rCold    + . .     Gourm    .   (shield currently unavailable)
rNeg     . . .     Faith    .   a - +0 robe
rPois    .         Spirit   +   P - +0 hat
rElec    .         Reflect  .   (no cloak)
rCorr    .         Harm     .   i - +0 pair of gloves
MR       .....                  (no boots)
Stlth    ++........             Q - amulet of guardian spirit
HPRegen  0.19/turn              t - ring of protection from cold
MPRegen  0.19/turn              u - +4 ring of intelligence

@: lethally poisoned (-4 -> -32), about to teleport
A: no striking features
a: no special abilities


You were on level 7 of the Dungeon.
You were not hungry.

You visited 2 branches of the dungeon, and saw 9 of its levels.
You also visited: Ossuary.

You collected 598 gold pieces.

Inventory:

Hand Weapons
 g - a +0 hunting sling
 K - a +0 shortbow (weapon)
 N - a +0 dagger of venom
Missiles
 d - 300 stones
 f - 8 curare-tipped needles
 v - 36 sling bullets
 y - 112 arrows (quivered)
 C - 48 poisoned needles
 E - 102 bolts
 I - 4 needles of sleeping
Armour
 a - a +0 robe (worn)
 i - a +0 pair of gloves (worn)
 L - a +0 buckler
 P - a +0 hat (worn)
Jewellery
 t - a ring of protection from cold (left hand)
 u - a +4 ring of intelligence (right hand)
 J - an uncursed ring of protection from cold
 Q - an amulet of guardian spirit (around neck)
Wands
 O - a wand of digging (11)
Scrolls
 k - 3 scrolls of enchant weapon
 m - 2 scrolls of identify
 n - 4 scrolls of teleportation
 o - 4 scrolls of remove curse
 q - 6 scrolls of fear
 r - a scroll of magic mapping {unknown}
 w - 4 scrolls of immolation
 H - a scroll of enchant armour
 M - a scroll of blinking
 T - a scroll of amnesia {unknown}
Potions
 e - a potion of berserk rage {unknown}
 h - 2 potions of haste {unknown}
 j - 3 potions of heal wounds {unknown}
 l - 2 potions of might {unknown}
 p - 6 potions of curing
 s - 3 potions of mutation
 z - a potion of agility {unknown}
 A - a potion of flight
 B - 2 potions of ambrosia
 D - 2 potions of invisibility {unknown}
 F - a potion of lignification {unknown}
 G - a potion of brilliance {unknown}
Books
 b - a book of Conjurations

   Spells                             Type                      Level
   a - Magic Dart                     Conjuration                  1
   b - Searing Ray                    Conjuration                  2
   c - Dazzling Spray                 Conjuration/Hexes            3
   d - Fulminant Prism                Conjuration/Hexes            4
   e - Force Lance                    Conjuration/Translocation    4
   f - Iskenderun's Mystic Blast      Conjuration                  4
 x - a book of Minor Magic

   Spells                             Type                      Level
   a - Magic Dart                     Conjuration                  1
   b - Blink                          Translocation                2
   c - Call Imp                       Summoning                    2
   d - Slow                           Hexes                        2
   e - Conjure Flame                  Conjuration/Fire             3
   f - Mephitic Cloud                 Conjuration/Poison/Air       3
 S - a book of Enchantments

   Spells                             Type                      Level
   a - Cause Fear                     Hexes                        4
   b - Yara's Violent Unravelling     Hexes/Transmutation          5
   c - Silence                        Hexes/Air                    5
   d - Deflect Missiles               Charms/Air                   6
   e - Discord                        Hexes                        8
Comestibles
 c - 18 rations


   Skills:
 - Level 8.0 Fighting
 - Level 2.4 Dodging
 - Level 2.4 Stealth
 + Level 9.6 Spellcasting
 - Level 9.1 Conjurations


You had 17 spell levels left.
You knew the following spells:

 Your Spells              Type           Power        Failure   Level  Hunger
a - Magic Dart            Conj           ####         1%          1    None
b - Searing Ray           Conj           ######       1%          2    None
c - Iskenderun's Mystic   Conj           ######..     1%          4    #......
d - Mephitic Cloud        Conj/Pois/Air  ####....     4%          3    None


Dungeon Overview and Level Annotations

Branches:
Dungeon (8/15)             Temple (1/1) D:4
   Lair: D:8-11

Altars:
Ashenzari
Cheibriados
Dithmenos
Elyvilon
Fedhas
Gozag
Kikubaaqudgha
Makhleb
Nemelex Xobeh
Okawaru
Qazlal
Ru
Sif Muna
Wu Jian
Xom
Yredelemnul
Zin
The Shining One

Annotations:
D:5 1 runed door


Message History

Confirm with . or Enter, or press ? or * to list all spells.
You don't have enough magic to cast that spell.
Unknown command.
As you read the scroll of teleportation, it crumbles to dust.
You feel strangely unstable.
* * * LOW HITPOINT WARNING * * *
You feel very sick.
The killer bee barely misses you. x3; The killer bee stings you.
* * * LOW HITPOINT WARNING * * *
You are more poisoned.
The killer bee poisons you!
* * * LOW HITPOINT WARNING * * *
You feel sick. The killer bee stings you.
* * * LOW HITPOINT WARNING * * *
You are more poisoned.
The killer bee poisons you! The killer bee closely misses you.
* * * LOW HITPOINT WARNING * * *
You feel very sick. The killer bee stings you!
You die...

#.#.####.# #..###...## #.# #
#..#.##..# #..##.##..## #.# #
#.......## ##...####..# #.## #
....###..## #..## #### ##.####
...## ##..## #.## #..... ..##
##..####.# ##A###..... ..#
##......## #######.... .##
##........## #§.§##.....
.#######......#.@.### #._.##.....
..............##yy..###§.§##.##..
..#####......##..†>..##...##..###
..### ###............##§.§##...##
#...####..#.....##...##...##.....
#..>......#....#####.###'###.....
.........###...## #.#.....#.####
........## #....# #.........## #
..#.....# ##....## ###.....#..###


You could see 2 killer bees.

Vanquished Creatures
  The ghost of TheNamelessOne the Ruffian, a novice BaWz (D:5)
  Sigmund (D:3)
  The ghost of Lucio the Insei, an amateur OpTm (D:4)
  3 sky beasts
  2 orc warriors
  An ice beast (D:7)
  3 ogres
  2 phantoms (D:6)
  2 centaurs
  A bullfrog (D:6)
  4 scorpions
  4 killer bees
  4 howler monkeys
  A crimson imp (D:8)
  3 jellies (D:8)
  An orc priest (D:4)
  A centaur skeleton (D:5)
  2 gnoll shamans
  2 hounds
  2 orc wizards
  A bullfrog skeleton (D:4)
  An iguana (D:6)
  9 worker ants
  8 mummies (Ossuary)
  A worker ant zombie (D:8)
  11 gnolls
  10 adders
  A shadow imp (D:4)
  5 oozes (D:8)
  2 worms
  3 adder skeletons
  4 dart slugs (D:1)
  10 orcs
  2 ball pythons
  6 bats
  13 giant cockroaches
  2 gnoll zombies (Ossuary)
  12 goblins
  3 hobgoblins (D:1)
  10 jackals
  A quokka (D:7)
  2 frilled lizards (D:2)
  2 hobgoblin zombies (Ossuary)
  2 jackal skeletons
  5 kobolds
  3 kobold zombies (Ossuary)
  2 leopard gecko zombies
  An orc zombie (Ossuary)
  7 rats
180 creatures vanquished.

Notes
Turn   | Place    | Note
-------+----------+-------------------------------------------
     0 | D:1      | Lilu the Deep Elf Conjurer began the quest for the Orb.
     0 | D:1      | Reached XP level 1. HP: 10/10 MP: 6/6
   326 | D:1      | Reached XP level 2. HP: 15/15 MP: 8/8
   399 | D:1      | Reached skill level 5 in Conjurations
   508 | D:1      | Learned a level 2 spell: Searing Ray
   556 | D:1      | Reached XP level 3. HP: 19/19 MP: 7/9
  1246 | D:2      | Reached XP level 4. HP: 24/24 MP: 8/10
  1252 | D:2      | Learned a level 4 spell: Iskenderun's Mystic Blast
  1397 | D:2      | Found a snail-covered altar of Cheibriados.
  2507 | D:3      | Noticed Sigmund
  2731 | D:4      | Reached XP level 5. HP: 20/28 MP: 2/11
  2908 | D:4      | Found a shattered altar of Ashenzari.
  2913 | D:4      | Found a staircase to the Ecumenical Temple.
  3060 | Temple   | Entered the Ecumenical Temple
  3475 | D:4      | Reached XP level 6. HP: 24/32 MP: 2/12
  3666 | D:4      | Noticed Lucio's ghost (amateur OpTm)
  3893 | D:4      | Found a stormy altar of Qazlal.
  3946 | D:4      | Killed Lucio's ghost
  4191 | D:5      | Entered Level 5 of the Dungeon
  4249 | D:5      | Noticed TheNamelessOne's ghost (novice BaWz)
  4307 | D:5      | Reached skill level 1 in Fighting
  4307 | D:5      | Reached XP level 7. HP: 39/39 MP: 8/13
  4468 | D:5      | Killed TheNamelessOne's ghost
  4603 | D:5      | Found a shadowy altar of Dithmenos.
  4603 | D:5      | Found an opulent altar of Gozag.
  4771 | D:5      | Found a runed door.
  4787 | D:5      | Found a runed door.
  5069 | D:6      | Reached XP level 8. HP: 41/48 MP: 5/14
  5147 | D:6      | Reached skill level 5 in Fighting
  5402 | D:6      | Found a sand-covered staircase.
  5407 | Ossuary  | Entered an ossuary
  6961 | D:6      | Found an ancient bone altar of Kikubaaqudgha.
  7179 | D:3      | Killed Sigmund
  7179 | D:3      | Reached XP level 9. HP: 46/59 MP: 7/15
  7920 | D:5      | Reached skill level 5 in Spellcasting
  8652 | D:7      | Found a glowing golden altar of the Shining One.
  9106 | D:7      | Found a basalt altar of Yredelemnul.
  9108 | D:7      | Noticed a profane servitor
  9114 | D:7      | Noticed an angel
  9259 | D:8      | Found a shimmering altar of Xom.
  9934 | D:8      | Learned a level 3 spell: Mephitic Cloud
 10835 | D:7      | HP: 1/59 [poisoned by a killer bee]
 10835 | D:7      | Slain by a killer bee

Skill      XL: |  1  2  3  4  5  6  7  8  9 |
---------------+----------------------------+-----
Conjurations   | 5 6 7 8 9 |  9.1
Fighting       | 1 4 7 8 |  8.0
Spellcasting   | 9 |  9.6
Dodging        | |  2.4
Stealth        | |  2.4

Action                   |  1- 3 |  4- 6 |  7- 9 || total
-------------------------+-------+-------+-------++-------
Melee: Unarmed           |     1 |       |       ||     1
       Shortbow          |       |       |     1 ||     1
 Fire: Hunting sling     |    63 |    63 |     6 ||   132
       Shortbow          |       |       |    83 ||    83
 Cast: Magic Dart        |    46 |    37 |    66 ||   149
       Searing Ray       |     1 |    19 |    60 ||    80
       Iskenderun's Myst |       |       |    16 ||    16
  Use: Scroll            |       |       |    13 ||    13
  Eat: Chunk             |     1 |    10 |    12 ||    23
       Ration            |       |       |     3 ||     3
Armor: Robe              |     7 |     6 |    13 ||    26
Dodge: Dodged            |    39 |    29 |   106 ||   174
